 Dungeon Crawl Stone Soup version 0.24-a0-201-gf205589 (webtiles) character file.

Game seed: 17765275805272681867

5758 Azzok the Cleaver (level 11, -16/75 HPs)
             Began as a Formicid Fighter on Mar 22, 2019.
             Was an Elder of Okawaru.
             Demolished by a white ugly thing (17 damage)
             ... on level 10 of the Dungeon.
             The game lasted 00:16:20 (8487 turns).

Azzok the Cleaver (Formicid Fighter)                Turns: 8487, Time: 00:16:21

Health: -16/75     AC: 16    Str: 27    XL:     11   Next: 6%
Magic:  17/18      EV:  9    Int:  7    God:    Okawaru [****..]
Gold:   690        SH: 13    Dex: 10    Spells: 10/10 levels left

rFire    . . .     SeeInvis +   a - +0 war axe
rCold    . . .     Gourm    .   c - +1 shield
rNeg     . . .     Faith    .   u - +0 plate armour
rPois    .         Spirit   .   (helmet unavailable)
rElec    .         Reflect  .   k - +1 cloak
rCorr    .         Harm     .   (no gloves)
MR       +....                  (no boots)
Stlth    ..........             e - amulet of regeneration
HPRegen  0.62/turn              (no ring)
MPRegen  0.16/turn              r - +2 ring of strength

@: heroism
A: permanent stasis, dig shafts and tunnels, four strong arms, antennae 3
a: Dig, Shaft Self, Heroism, Renounce Religion


You were on level 10 of the Dungeon.
You worshipped Okawaru.
Okawaru was greatly pleased with you.
You were not hungry.

You visited 2 branches of the dungeon, and saw 11 of its levels.
You also visited: Ossuary.

You collected 690 gold pieces.

Inventory:

Hand Weapons
 a - a +0 war axe (weapon)
Missiles
 n - 2 throwing nets (quivered)
Armour
 c - a +1 shield (worn)
 k - a +1 cloak (worn)
 u - a +0 plate armour (worn)
Jewellery
 e - an amulet of regeneration (around neck)
 r - a +2 ring of strength (right hand)
Wands
 o - a wand of acid (6)
 p - a wand of flame (22)
 s - a wand of enslavement (6)
 w - a wand of iceblast (8)
Scrolls
 b - a scroll of magic mapping
 d - 3 scrolls of remove curse
 i - a scroll of fog
 j - 4 scrolls of fear
 y - a scroll of vulnerability {unknown}
 z - 2 scrolls of amnesia
Potions
 g - a potion of flight
 h - 2 potions of curing
 l - a potion of agility {unknown}
 m - 3 potions of cancellation
 t - 2 potions of lignification
 v - a potion of mutation {!q}
 x - a potion of heal wounds
Comestibles
 f - 25 rations


   Skills:
 - Level 3.2(8.2) Fighting
 + Level 13.1(18.1) Axes
 - Level 3.2(8.2) Armour
 - Level 3.6(8.6) Shields
 - Level 10.0 Invocations


You had 10 spell levels left.
You didn't know any spells.
Your spell library contained the following spells:

 Spells                   Type           Power        Failure   Level  Hunger
 Animate Skeleton         Necr           N/A          99%         1    ##.....
 Beastly Appendage        Tmut           #.....       99%         1    ##.....
 Infusion                 Chrm           #...         99%         1    ##.....
 Pain                     Necr           #...         99%         1    ##.....
 Sandblast                Erth           #.....       99%         1    ##.....
 Passwall                 Tmut/Erth      #.......     100%        2    ###....
 Shroud of Golubria       Chrm/Tloc      #.........   100%        2    ###....
 Song of Slaying          Chrm           #.......     100%        2    ###....
 Sticks to Snakes         Tmut           #.......     100%        2    ###....
 Regeneration             Chrm/Necr      #.........   100%        3    ####...
 Spectral Weapon          Hex/Chrm       #.......     100%        3    ####...
 Spider Form              Tmut/Pois      #.........   100%        3    ####...
 Stone Arrow              Conj/Erth      #.....       100%        3    ####...
 Vampiric Draining        Necr           #.........   100%        3    ####...
 Animate Dead             Necr           N/A          100%        4    #####..
 Ice Form                 Ice/Tmut       #.......     100%        4    #####..
 Petrify                  Tmut/Erth      #.......     100%        4    #####..
 Blade Hands              Tmut           #.........   100%        5    ######.
 Lee's Rapid Deconstruct  Erth           #.........   100%        5    ######.


Dungeon Overview and Level Annotations

Branches:
Dungeon (10/15)            Temple (1/1) D:5             Orc (0/2) D:9
   Lair: D:8-11

Altars:
Ashenzari
Cheibriados
Dithmenos
Elyvilon
Fedhas
Gozag
Hepliaklqana
Kikubaaqudgha
Makhleb
Nemelex Xobeh
Okawaru
Qazlal
Ru
Sif Muna
Trog
Uskayaw
Vehumet
Wu Jian
Xom
Yredelemnul
Zin
The Shining One

Shops:
D:6 }

Portals:
Trove: D:10 (give +7 demon whip)

Annotations:
D:5 2 transporters, sergedm's ghost, novice HOWn
D:9 2 transporters


Innate Abilities, Weirdness & Mutations

You cannot be hasted, slowed, berserked, paralysed or teleported.
You can dig through walls and to a lower floor.
Your four strong arms can wield two-handed weapons with a shield.
You have a pair of large antennae on your head. (SInv)


Message History

A white ugly thing is nearby!
You gain the combat prowess of a mighty hero.
The white ugly thing punches you. The white ugly thing freezes you!!
You closely miss the white ugly thing. You slash the white ugly thing!
The white ugly thing is moderately wounded.
The white ugly thing punches you but does no damage.
Your plate armour prevents you from hitting the white ugly thing.
The white ugly thing is moderately wounded.
You block the white ugly thing's attack.
You hit the white ugly thing.
The white ugly thing is moderately wounded.
You barely miss the white ugly thing.
The white ugly thing is moderately wounded.
The white ugly thing punches you. The white ugly thing freezes you!!
* * * LOW HITPOINT WARNING * * *
The white ugly thing punches you.
* * * LOW HITPOINT WARNING * * *
The white ugly thing freezes you!
You die...

▒·▒▒ ▒·▒▒▒▒▒▒▒▒··▒
▒···········▒
···········▒ ▒·········▒
▒·········▒ ▒
▒·········▒
▒···▒▒▒▒▒▒·········▒
▒·········u@·······▒▒▒▒▒
·················)·····▒
·······················▒
·········▒▒▒▒▒▒▒▒▒·····▒
·········▒ ▒·····▒
····▒▒▒▒▒▒ ▒▒▒···▒ ····
▒···▒ ▒▒▒ ▒···▒ ▒▒▒▒▒


You could see a white ugly thing.

Vanquished Creatures
  A two-headed ogre (D:9)
  A hornet (D:10)
  A troll (D:8)
  Grinder (D:3)
  2 hippogriffs
  2 wraiths
  A hungry ghost (D:10)
  3 sky beasts
  A black bear (D:8)
  An ice beast (D:5)
  3 ogres
  2 orc warriors
  3 phantoms
  3 centaurs
  A big kobold (D:9)
  An elf zombie (Ossuary)
  3 bullfrogs
  A gnoll sergeant (D:9)
  A scorpion (D:9)
  A wyvern skeleton (D:6)
  3 howler monkeys (D:8)
  A crimson imp (D:5)
  2 bullfrog zombies
  A centaur zombie (Ossuary)
  3 hounds
  A human zombie (Ossuary)
  3 jellies
  6 orc priests
  A bullfrog skeleton (D:6)
  2 orc wizards
  Jessica (D:2)
  15 worker ants
  2 big kobold zombies (Ossuary)
  8 ogre zombies (D:9)
  A hound zombie (Ossuary)
  2 hound skeletons
  3 mummies (Ossuary)
  A worker ant zombie (D:9)
  Robin (D:3)
  A howler monkey zombie (D:7)
  A howler monkey skeleton (D:10)
  11 adders
  4 gnolls (D:9)
  3 shadow imps
  An ooze (D:1)
  An adder skeleton (D:6)
  An adder zombie (Ossuary)
  6 worms
  3 dart slugs
  26 orcs
  4 giant cockroaches
  2 gnoll zombies (Ossuary)
  8 hobgoblins
  5 iguanas
  15 jackals
  11 kobolds
  7 quokkas
  12 bats
  5 frilled lizards
  12 goblins
  4 goblin skeletons (D:9)
  6 goblin zombies
  2 hobgoblin skeletons (D:9)
  5 hobgoblin zombies
  7 jackal zombies
  4 kobold zombies (Ossuary)
  A leopard gecko skeleton (D:4)
  5 orc skeletons (D:9)
  12 orc zombies
  A quokka skeleton (D:9)
  9 quokka zombies
  4 rats
  2 rat zombies (Ossuary)
291 creatures vanquished.

Notes
Turn   | Place    | Note
-------+----------+-------------------------------------------
     0 | D:1      | Azzok the Formicid Fighter began the quest for the Orb.
     0 | D:1      | Reached XP level 1. HP: 18/18 MP: 1/1
    71 | D:1      | Reached XP level 2. HP: 24/24 MP: 2/2
   460 | D:1      | Reached skill level 3 in Axes
   545 | D:1      | Reached XP level 3. HP: 28/29 MP: 3/3
   909 | D:2      | Reached skill level 4 in Axes
   909 | D:2      | Reached XP level 4. HP: 35/35 MP: 4/4
   956 | D:2      | Found a shattered altar of Ashenzari.
  1394 | D:2      | Found a sparkling altar of Nemelex Xobeh.
  1394 | D:2      | Found a blossoming altar of Fedhas.
  1400 | D:2      | Found a faded altar of an unknown god.
  1415 | D:2      | Found a bloodstained altar of Trog.
  1417 | D:2      | Found a basalt altar of Yredelemnul.
  1679 | D:3      | Reached XP level 5. HP: 33/41 MP: 5/5
  1759 | D:3      | Noticed Jessica
  1840 | D:2      | Reached skill level 5 in Axes
  1875 | D:3      | Noticed Grinder
  1891 | D:2      | Killed Jessica
  1970 | D:3      | Killed Grinder
  1970 | D:3      | Reached skill level 6 in Axes
  1970 | D:3      | Reached XP level 6. HP: 35/47 MP: 6/6
  2108 | D:3      | Noticed Robin
  2118 | D:3      | Killed Robin
  2325 | D:4      | Reached skill level 7 in Axes
  2325 | D:4      | Reached XP level 7. HP: 31/52 MP: 7/7
  2376 | D:4      | Found a shimmering altar of Xom.
  2576 | D:4      | Reached skill level 8 in Axes
  2871 | D:5      | Entered Level 5 of the Dungeon
  2892 | D:5      | Noticed sergedm's ghost (novice HOWn)
  2945 | D:5      | Reached XP level 8. HP: 51/58 MP: 8/8
  2984 | D:5      | Found a staircase to the Ecumenical Temple.
  3005 | Temple   | Entered the Ecumenical Temple
  3207 | Temple   | Became a worshipper of Warmaster Okawaru
  3268 | D:5      | Reached skill level 9 in Axes
  3268 | D:5      | Reached skill level 1 in Invocations
  3449 | D:5      | Found a transporter.
  3498 | D:5      | Found a transporter.
  3636 | D:5      | Found an ancient bone altar of Kikubaaqudgha.
  3707 | D:5      | Found a burning altar of Makhleb.
  3708 | D:5      | Found a shimmering altar of Xom.
  3872 | D:6      | Found Wezoz's Gadget Emporium.
  3876 | D:6      | Reached * piety under Okawaru
  4182 | D:6      | Reached XP level 9. HP: 62/64 MP: 12/12
  4260 | D:6      | Reached skill level 5 in Invocations
  4504 | D:7      | Found a sand-covered staircase.
  4522 | Ossuary  | Entered an ossuary
  4644 | Ossuary  | Reached skill level 10 in Axes
  4861 | D:7      | Reached ** piety under Okawaru
  4964 | D:7      | Found a white marble altar of Elyvilon.
  5271 | D:7      | Found a radiant altar of Vehumet.
  6052 | D:8      | Found a basalt altar of Yredelemnul.
  6291 | D:8      | Noticed a troll
  6301 | D:8      | Killed a troll
  6301 | D:8      | Reached skill level 11 in Axes
  6301 | D:8      | Reached XP level 10. HP: 57/70 MP: 12/16
  6344 | D:8      | Reached *** piety under Okawaru
  7051 | D:9      | Found a staircase to the Orcish Mines.
  7267 | D:9      | Noticed a two-headed ogre
  7283 | D:9      | Reached skill level 10 in Invocations
  7294 | D:9      | Killed a two-headed ogre
  7294 | D:9      | Reached **** piety under Okawaru
  7294 | D:9      | Reached skill level 12 in Axes
  7652 | D:9      | Found a glowing golden altar of the Shining One.
  7654 | D:9      | Noticed a cyclops
  7654 | D:9      | Noticed a yaktaur captain
  7657 | D:9      | Found a transporter.
  7665 | D:9      | Found a transporter.
  8106 | D:10     | Entered Level 10 of the Dungeon
  8139 | D:10     | Paralysed by fainting for 11 turns
  8272 | D:10     | Reached XP level 11. HP: 73/75 MP: 18/18
  8353 | D:10     | Reached skill level 13 in Axes
  8379 | D:10     | Found a portal to a secret trove of treasure.
  8475 | D:10     | Noticed a white ugly thing
  8487 | D:10     | HP: 1/75 [white ugly thing (5)]
  8487 | D:10     | Demolished by a white ugly thing

Levels and vault maps discovered:
D:1:      dpeg_arrival_lava_altar, layout_loops_cross, minivault_24
D:2:      layout_loops_cross, lemuel_crystal_altar,
          chequers_temple_overflow_minitemple
D:3:      layout_rooms, uniq_robin, uniq_grinder, uniq_jessica
D:4:      layout_rooms, dk_xom_monty_hall
D:5:      cheibrodos_quashed, layout_cave_pools,
          grunt_temple_overflow_champion_of_chaos, kennysheep_mini_moat,
          minmay_temple_entry_enclosed_plants, first_ration,
          gammafunk_ghost_stat_death
D:6:      minmay_diamond_boxcup, layout_rooms, serial_shops,
          nicolae_shop_temple_entry_statues_fountains
D:7:      layout_basic, basic_altar, enter_ossuary_4, grunt_ogre_cave,
          chequers_serial_rivers_large_a, vehumet_altar_wand_db
D:8:      layout_gridville, basic_altar
D:9:      layout_cave_pods, gammafunk_temple_overflow_arena, zombieorc2_lemuel,
          kennysheep_potato
D:10:     layout_irregular_city, nicolae_trove_entry_free_sample,
          chequers_mini_garden, uniq_urug
Temple:   nicolae_temple_figure_eight
Ossuary:  minmay_ossuary_two_tombs

Skill      XL: |  1  2  3  4  5  6  7  8  9 10 11 |
---------------+----------------------------------+-----
Axes           | 3 4 6 7 8 9 11 12 13 | 13.1
Invocations    | 4 8 10 | 10.0
Fighting       | |  3.2
Armour         | |  3.2
Shields        | |  3.6

Action                   |  1- 3 |  4- 6 |  7- 9 | 10-12 || total
-------------------------+-------+-------+-------+-------++-------
Melee: War axe           |   116 |   146 |   500 |   324 ||  1086
Invok: Heroism           |       |       |     2 |     7 ||     9
  Use: Scroll            |       |     6 |     5 |     8 ||    19
       Potion            |       |     1 |     2 |     1 ||     4
  Eat: Chunk             |       |     5 |    10 |     6 ||    21
       Ration            |       |       |     1 |     1 ||     2
Armor: Scale mail        |    46 |    49 |    64 |       ||   159
       Plate armour      |       |       |   133 |   107 ||   240
Dodge: Dodged            |    28 |    39 |   108 |    49 ||   224
Block: Shield            |    72 |    81 |   251 |   126 ||   530

Table legend:
 A = Non-vault XP
 B = Vault XP
 C = Vault XP percentage of total XP
 D = Non-vault monster count
 E = Vault monster count
 F = Vault count percentage of total count
                 A         B        C        D         E       F
            +---------+---------+-------+---------+---------+-------
      Total |    6457 |    1770 |  21.5 |     192 |      99 |  34.0
            +---------+---------+-------+---------+---------+-------
        D:1 |      46 |       0 |   0.0 |      23 |       0 |   0.0
        D:2 |     105 |      37 |  26.1 |      28 |       1 |   3.4
        D:3 |      21 |     294 |  93.3 |       9 |       8 |  47.1
        D:4 |     336 |      86 |  20.4 |      12 |       3 |  20.0
        D:5 |     659 |      48 |   6.8 |      24 |       1 |   4.0
        D:6 |     503 |     103 |  17.0 |      13 |       6 |  31.6
        D:7 |     575 |     129 |  18.3 |      13 |       4 |  23.5
        D:8 |    1676 |       0 |   0.0 |      22 |       0 |   0.0
        D:9 |    1481 |     730 |  33.0 |      34 |      37 |  52.1
       D:10 |    1055 |       0 |   0.0 |      14 |       0 |   0.0
    Ossuary |       0 |     343 | 100.0 |       0 |      39 | 100.0
            +---------+---------+-------+---------+---------+-------
